 Dungeon Crawl Stone Soup version 0.28-a0-861-ge64d6db94f (webtiles) character file.

Game seed: 7083721669063077476

61 kklluuttzz the Grasshopper (level 4, -1/33 HPs)
             Began as a Formicid Warper on Nov 15, 2021.
             Slain by Terence (6 damage)
             ... on level 3 of the Dungeon.
             The game lasted 00:02:25 (1626 turns).

kklluuttzz the Grasshopper (Formicid Warper)        Turns: 1626, Time: 00:02:26

Health: -1/33      AC:  3    Str: 16    XL:     4   Next: 27%
Magic:  7/7        EV: 11    Int: 13    God:
Gold:   64         SH:  0    Dex: 10    Spells: 4/7 levels left

rFire   . . .      SeeInvis +   a - +0 falchion
rCold   . . .      Faith    .   (no shield)
rNeg    . . .      Spirit   .   b - +0 leather armour
rPois   .          Reflect  .   (helmet unavailable)
rElec   .          Harm     .   (no cloak)
rCorr   .          Rampage  .   (no gloves)
Will    .....                   (no boots)
Stlth   +.........              (no amulet)
HPRegen 0.11/turn               (no ring)
MPRegen 0.10/turn               (no ring)

@: no status effects
A: permanent stasis, dig shafts and tunnels, antennae 3, four strong arms
a: Dig, Shaft Self


You were on level 3 of the Dungeon.
You visited 1 branch of the dungeon, and saw 4 of its levels.

You collected 64 gold pieces.

Inventory:

Hand Weapons
 a - a +0 falchion (weapon)
Missiles
 c - a boomerang of dispersal (quivered)
Armour
 b - a +0 leather armour (worn)
Jewellery
 e - a ring of wizardry
Scrolls
 d - a scroll of teleportation {unknown}
 f - 2 scrolls of enchant weapon {unknown}


   Skills:
 - Level 2.1 Fighting
 - Level 2.0 Long Blades
 - Level 1.0 Throwing
 - Level 1.1 Armour
 - Level 1.7 Dodging
 - Level 2.1 Spellcasting
 + Level 4.4 Translocations


You had 4 spell levels left.
You knew the following spells:

 Your Spells              Type           Power      Damage    Failure   Level
t - Teleport Other        Tloc           12%        N/A       16%         3

Your spell library contained the following spells:

 Spells                   Type           Power      Damage    Failure   Level
 Gell's Gravitas          Tloc           12%        N/A       16%         3
 Lesser Beckoning         Tloc           12%        N/A       16%         3
 Inner Flame              Hex/Fire       1%         N/A       67%         3
 Cause Fear               Hex            0%         N/A       97%         4
 Manifold Assault         Tloc           12%        N/A       80%         5
 Discord                  Hex            0%         N/A       100%        8
 Blink                    Tloc           Unusable   N/A       N/A         2

Dungeon Overview and Level Annotations

Branches:
Dungeon (4/15)
 Temple: D:4-7

Altars:
Xom

Annotations:
D:2 Sigmund
D:3 Terence


Innate Abilities, Weirdness & Mutations

You cannot be hasted, slowed, berserked, paralysed or teleported.
You can dig through walls and to a lower floor.
You have a pair of large antennae on your head. (SInv)
Your four strong arms can wield two-handed weapons with a shield.


Message History

It was a potion of magic.
Magic courses through your body. Terence closely misses you.
Casting: Teleport Other (quite dangerous; 16% risk of failure)
Confirm with . or Enter, or press ? or * to list all spells.
The spell is quite dangerous to cast (16% risk of failure)!
Continue anyway?
Okay, then.
Unknown command.
Casting: Teleport Other (quite dangerous; 16% risk of failure)
Confirm with . or Enter, or press ? or * to list all spells.
Okay, then.
Throw: 5 boomerangs (disperse)
Press: ? - help, Q - select action, (/) - cycle Shift-Dir - straight line, f - Terence
Aim: Terence, wielding a +0 flail and wearing a +0 chain mail (severely wounded, 64% to hit)
You throw a boomerang of dispersal.
The boomerang of dispersal barely misses Terence.
Terence hits you with a +0 flail.
* * * LOW HITPOINT WARNING * * *
Unknown command.
Throw: 4 boomerangs (disperse)
Press: ? - help, Q - select action, (/) - cycle Shift-Dir - straight line, f/p - Terence
Aim: Terence, wielding a +0 flail and wearing a +0 chain mail (severely wounded, 64% to hit)
You throw a boomerang of dispersal.
The boomerang of dispersal hits Terence but does no damage.
Terence is severely wounded.
Terence hits you with a +0 flail.
* * * LOW HITPOINT WARNING * * *
Throw: 3 boomerangs (disperse)
Press: ? - help, Q - select action, (/) - cycle Shift-Dir - straight line, f/p - Terence
Aim: Terence, wielding a +0 flail and wearing a +0 chain mail (severely wounded, 64% to hit)
You throw a boomerang of dispersal.
The boomerang of dispersal barely misses Terence.
Terence hits you but does no damage.
Throw: 2 boomerangs (disperse)
Press: ? - help, Q - select action, (/) - cycle Shift-Dir - straight line, f/p - Terence
Aim: Terence, wielding a +0 flail and wearing a +0 chain mail (severely wounded, 64% to hit)
You throw a boomerang of dispersal.
The boomerang of dispersal hits Terence but does no damage.
Terence is severely wounded.
Terence hits you with a +0 flail.
You die...

.............#
...........###.
#.........#..
#.>.....#...#
###.###.#..#
#.##....#
##.....#
#......#
##..@@..#
#...###......
.........#
#.....
..........#
...<.
............
##..
..#.......#.# .
. #.......#..#
..####### @#
..# .


You could see Terence.

Vanquished Creatures
  Jessica (D:2)
  A worm (D:2)
  A dart slug (D:2)
  3 endoplasms
  A giant cockroach (D:1)
  A goblin (D:1)
  2 hobgoblins
  7 jackals
  2 quokkas (D:1)
  2 ball pythons (D:1)
  3 bats (D:1)
  2 frilled lizards
  2 rats
28 creatures vanquished.

Vanquished Creatures (others)
  A fungus (D:2)
1 creature vanquished.

Grand Total: 29 creatures vanquished

Notes
Turn   | Place    | Note
-------+----------+-------------------------------------------
     0 | D:1      | kklluuttzz the Formicid Warper began the quest for the Orb.
     0 | D:1      | Reached XP level 1. HP: 16/16 MP: 3/3
   162 | D:1      | Reached skill level 3 in Translocations
   175 | D:1      | Reached XP level 2. HP: 22/22 MP: 5/5
   515 | D:1      | Found a faded altar of an unknown god.
   715 | D:2      | Reached XP level 3. HP: 26/27 MP: 6/6
   724 | D:2      | Noticed an ogre
  1419 | D:2      | Found a shimmering altar of Xom.
  1428 | D:2      | Noticed Jessica
  1452 | D:2      | Killed Jessica
  1453 | D:2      | Reached skill level 4 in Translocations
  1453 | D:2      | Reached XP level 4. HP: 29/33 MP: 7/7
  1585 | D:2      | Noticed Sigmund
  1588 | D:2      | You fall into a shaft and drop 2 floors!
  1598 | D:3      | Learned a level 3 spell: Teleport Other
  1606 | D:3      | Noticed Terence
  1626 | D:3      | Slain by Terence

Illustrated notes

Levels and vault maps discovered:
D:1:      dpeg_arrival_arbitrary_c, layout_rooms, basic_ecumenical_altar,
          grunt_decor_one_mirror
D:2:      layout_loops_ring, basic_altar, uniq_sigmund, uniq_jessica,
          uniq_crazy_yiuf_cottage, uniq_natasha
D:3:      layout_rooms, ebering_ghost_reflecting_pool, roderic_batcave,
          uniq_terence
D:4:      layout_gridville, kennysheep_little_box, mainiacjoe_overflow_paths,
          kennysheep_crisscross, minmay_strange_pillars,
          chequers_serial_rivers_small_3, corexii_leaking_fountain, uniq_pikel,
          uniq_menkaure

Skill      XL: |  1  2  3 |
---------------+----------+-----
Translocations | 3 4 |  4.4
Fighting       | |  2.1
Long Blades    | |  2.0
Throwing       | |  1.0
Armour         | |  1.1
Dodging        | |  1.7
Spellcasting   | |  2.1

Action                   |  1- 3 |  4- 6 || total
-------------------------+-------+-------++-------
Melee: Falchion          |    93 |     7 ||   100
Throw: Boomerang         |       |     4 ||     4
 Abil: Dig               |     2 |     1 ||     3
       Shaft Self        |       |     1 ||     1
  Use: Potion            |       |     1 ||     1
Armor: Leather armour    |    29 |     1 ||    30
Dodge: Dodged            |    63 |     9 ||    72

Table legend: (Time is in decaauts)
 A = Elapsed time spent in this place.
 B = Non-inter-level travel time spent in this place.
 C = Inter-level travel time spent in this place.
 D = Time resting spent in this place.
 E = Time spent auto-exploring this place.
 F = Levels seen in this place.
 G = Mean time per level.
                   A        B        C        D        E       F      G
               +--------+--------+--------+--------+--------+-----+--------+
         Total |   1649 |   1592 |     57 |    420 |    833 |   4 |  412.2 |
       Dungeon |   1649 |   1592 |     57 |    420 |    833 |   4 |  412.2 |
               +--------+--------+--------+--------+--------+-----+--------+

Top non-repeatable levels by time:
     D:1: 850 daAuts
     D:2: 759 daAuts
     D:3: 34 daAuts
     D:4: 4 daAuts
